 Dungeon Crawl Stone Soup version 0.30.0-17-ge0270778cf (webtiles) character file.

Game seed: 5262546293515528314

72 Cheops the Digger (level 4, -2/35 HPs)
             Began as an Armataur Earth Elementalist on May 22, 2023.
             Slain by a gnoll
             ... wielding a +0 spear
              (6 damage)
             ... on level 2 of the Dungeon.
             The game lasted 00:05:17 (1951 turns).

Cheops the Digger (Armataur Earth Elementalist)     Turns: 1951, Time: 00:05:18

Health: -2/35      AC:  5    Str: 14    XL:     4   Next: 7%
Magic:  0/6        EV:  9    Int: 15    God:
Gold:   43         SH:  0    Dex: 12    Spells: 3/6 levels left

rFire   . . .        a - +2 dagger (speed)
rCold   . . .        (no shield)
rNeg    . . .        h - +0 robe
rPois   +            l - +0 helmet
rElec   .            (no cloak)
rCorr   .            (no gloves)
SInv    +            (no barding)
Will    .....        (no amulet)
Stlth   ++           g - ring of see invisible
HPRegen 0.25/turn    p - ring of poison resistance
MPRegen 0.10/turn

%: roll
@: very slightly contaminated
A: large, rugged brown scales 3, deformed body, armoured tail, roll, long
tongue, awkward tongue
a: no special abilities


You were on level 2 of the Dungeon.
You visited 1 branch of the dungeon, and saw 2 of its levels.

You collected 43 gold pieces.

Inventory:

Hand Weapons
 a - a +2 dagger of speed (weapon)
Armour
 h - a +0 robe (worn)
 l - a +0 helmet (worn)
Magical Staves
 m - a staff of death
Jewellery
 g - a ring of see invisible (left hand)
 j - a ring of resist corrosion
 p - a ring of poison resistance (right hand)
Scrolls
 c - 2 scrolls of identify {unknown}
 d - a scroll of magic mapping {unknown}
 i - a scroll of immolation {unknown}
 n - a scroll of fog {unknown}
Potions
 b - a potion of magic
 e - 3 potions of attraction {unknown}
 f - 2 potions of berserk rage {unknown}
 k - a potion of resistance {unknown}
 o - a potion of flight {unknown}


   Skills:
 + Level 1.6 Short Blades
 - Level 1.4 Dodging
 - Level 2.2 Stealth
 - Level 1.8 Spellcasting
 - Level 0.9 Transmutations
 - Level 4.0 Earth Magic


You had 3 spell levels left.
You knew the following spells:

 Your Spells              Type           Power      Damage    Failure   Level
a - Sandblast             Erth           26%        2d8       4%          1
p - Passwall              Tmut/Erth      6%         N/A       12%         2

Your spell library contained the following spells:

 Spells                   Type           Power      Damage    Failure   Level
 Stone Arrow              Conj/Erth      14%        3d7       30%         3
 Petrify                  Tmut/Erth      8%         N/A       63%         4


Dungeon Overview and Level Annotations

Branches:
Dungeon (2/15)

Altars:

Shops:
D:1 ?


Innate Abilities, Weirdness & Mutations

You are completely covered in rugged brown scales. (AC +3, +7% HP)
Armour fits poorly on your strangely shaped body.
You have a long armoured tail.
You roll when moving toward enemies. (Rampage)
Your long tongue fully drains potion bottles. (2x potion effects)
Your tongue gives you trouble enunciating. (1.5x scroll delay)


Message History

You see here a +0 leather armour.
Casting: Passwall (safe; 12% risk of failure)
Confirm with . or Enter, or press ? or * to list all spells.
Aiming: Passwall (safe; 12% risk of failure)
Press: ? - help, Dir - move target A rock wall.
You begin to meditate on the wall.
You continue meditating on the rock. x2
You finish merging with the rock.
The gnoll shouts! x2
The gnoll barely misses you.
You hit the gnoll but do no damage. Your punch misses the gnoll.
The gnoll hits you from afar with a +0 spear.
The gnoll hits you with a +0 whip! The gnoll attacks as you move away!
The gnoll hits you with a +0 whip.
* * * LOW HITPOINT WARNING * * *
The gnoll hits you with a +0 spear.
* * * LOW HITPOINT WARNING * * *
The gnoll hits you with a +0 flail.
* * * LOW HITPOINT WARNING * * *
Casting: Passwall (safe; 12% risk of failure)
Confirm with . or Enter, or press ? or * to list all spells.
Aiming: Passwall (safe; 12% risk of failure)
Press: ? - help, Dir - move target A rock wall.
You miscast Passwall.
You are very lightly contaminated with residual magic.
Nothing appears to happen.
The gnoll hits you but does no damage. The gnoll hits you with a +0 flail!
* * * LOW HITPOINT WARNING * * *
The gnoll barely misses you.
Casting: Passwall (safe; 12% risk of failure)
Confirm with . or Enter, or press ? or * to list all spells.
Aiming: Passwall (safe; 12% risk of failure)
Press: ? - help, Dir - move target A rock wall.
The gnoll hits you but does no damage. The gnoll barely misses you.
The gnoll misses you.
You begin to meditate on the wall.
You continue meditating on the rock.
The gnoll hits you with a +0 spear.
You die...

#.........##.# ## ############.#
.# #.....# .#### ############
#.##### ....# #..........# #.#
....###..........#####.##########
....+.!..........+.............>#
....#..........g.##############.#
....#..$.......g@# #.#
...............g.# #.#
....#............# #[#
.####.#..........# #.# .#
#.############ #.# .# #.# #.#
.####.# #.# ...##># #.#
...##.################# #.#


You could see 3 gnolls.

Vanquished Creatures
  Jessica (D:2)
  An adder (D:2)
  2 worms (D:2)
  5 endoplasms
  3 giant cockroaches (D:2)
  3 hobgoblins
  3 jackals (D:2)
  A kobold (D:1)
  A quokka (D:1)
  4 ball pythons
  2 bats
  4 frilled lizards
  A rat (D:1)
31 creatures vanquished.

Notes
Turn   | Place    | Note
-------+----------+-------------------------------------------
     0 | D:1      | Cheops the Armataur Earth Elementalist began the quest for
                  | the Orb.
     0 | D:1      | Reached XP level 1. HP: 14/14 MP: 3/3
   123 | D:1      | Found Itsirech's Magic Scroll Boutique.
   962 | D:1      | Reached XP level 2. HP: 21/21 MP: 1/4
  1079 | D:1      | Reached skill level 1 in Short Blades
  1209 | D:2      | Learned a level 2 spell: Passwall
  1238 | D:2      | Reached skill level 3 in Earth Magic
  1391 | D:2      | Reached XP level 3. HP: 27/27 MP: 3/5
  1625 | D:2      | Noticed Jessica
  1639 | D:2      | Killed Jessica
  1640 | D:2      | Reached skill level 4 in Earth Magic
  1640 | D:2      | Reached XP level 4. HP: 35/35 MP: 2/6
  1951 | D:2      | Slain by a gnoll

Illustrated notes

Levels and vault maps discovered:
D:1:      dpeg_arrival_rooms_c, layout_basic, serial_shops, shop
D:2:      layout_basic, uniq_jessica

Skill      XL: |  1  2  3 |
---------------+----------+-----
Short Blades   | 1 |  1.6
Earth Magic    | 3 4 |  4.0
Dodging        | |  1.4
Stealth        | |  2.2
Spellcasting   | |  1.8
Transmutations | |  0.9

Action                     |  1- 3 |  4- 6 || total
---------------------------+-------+-------++-------
  Melee: Unarmed           |     1 |       ||     1
         Dagger            |    47 |     3 ||    50
         Tailslap          |     8 |       ||     8
   Cast: Sandblast         |    24 |     3 ||    27
         Passwall          |     1 |     3 ||     4
   Stab: Sleeping          |     2 |       ||     2
 Armour: Robe              |    19 |     3 ||    22
  Dodge: Dodged            |    21 |     7 ||    28
